[Event "13th Leiden Crown Group 2019"]
[Site "Leiden"]
[Date "2019.07.12"]
[Round "1.1"]
[White "Pijpers, Arthur"]
[Black "Kuipers, Stefan"]
[Result "1/2-1/2"]
[ECO "B12"]
[WhiteElo "2474"]
[BlackElo "2435"]
[Annotator "ChessBase"]
[PlyCount "81"]
[EventDate "2019.07.08"]
[EventType "tourn"]
[EventCountry "NED"]
[SourceTitle "playchess.com"]
[Source "ChessBase"]
[SourceQuality "1"]
[TimeControl "40/5400+30:1800+30"]

1. e4 c6 2. d4 d5 3. e5 Bf5 4. Nf3 e6 5. Be2 Ne7 6. O-O Ng6 7. Be3 Nd7 8. Nbd2 f6 9. exf6 Qxf6 10. Ne1 h5 11. Bxh5 Qh4 12. Bxg6+ Bxg6 13. h3 Bd6 14. Ndf3 Qf6 15. Qd2 c5 16. dxc5 Nxc5 17. Bd4 Qf5 18. Qg5 Qxg5 19. Nxg5 e5 20. Bxc5 Bxc5 21. Nd3 Bxd3 22. cxd3 Ke7 23. Nf3 Bd6 24. Rfe1 Kf6 25. Rac1 Rac8 26. Kf1 Rc6 27. Rxc6 bxc6 28. d4 e4 29. Nd2 c5 30. f3 Bf4 31. Rd1 cxd4 32. fxe4 Bxd2 33. Rxd2 Ke5 34. exd5 Kxd5 35. Ke1 Rc8 36. Rf2 Ke4 37. Re2+ Kd3 38. Rd2+ Ke3 39. Re2+ Kd3 40. Re7 Rc2 41. Rxg7 1/2-1/2

[Event "13th Leiden Crown Group 2019"]
[Site "Leiden"]
[Date "2019.07.12"]
[Round "1.3"]
[White "Pruijssers, Roeland"]
[Black "Van der Wiel, John T.H."]
[Result "1/2-1/2"]
[ECO "B90"]
[WhiteElo "2534"]
[BlackElo "2380"]
[Annotator "ChessBase"]
[PlyCount "42"]
[EventDate "2019.07.08"]
[EventType "tourn"]
[EventCountry "NED"]
[SourceTitle "playchess.com"]
[Source "ChessBase"]
[SourceQuality "1"]
[TimeControl "40/5400+30:1800+30"]

1. e4 c5 2. Nf3 d6 3. d4 cxd4 4. Nxd4 Nf6 5. Nc3 a6 6. Be3 e5 7. Nb3 Be6 8. Qd2 Nbd7 9. O-O-O b5 10. f3 Rc8 11. g4 Nb6 12. g5 Nh5 13. Qf2 Rxc3 14. bxc3 Na4 15. Qe1 Qd7 16. Rd5 Bxd5 17. exd5 Be7 18. c4 O-O 19. Na5 Nf4 20. h4 Bd8 21. Nc6 Bb6 1/2-1/2

[Event "13th Leiden Crown Group 2019"]
[Site "Leiden"]
[Date "2019.07.12"]
[Round "1.4"]
[White "Schekachikhin, Maksim"]
[Black "Das, Arghyadip"]
[Result "0-1"]
[ECO "D11"]
[WhiteElo "2415"]
[BlackElo "2439"]
[Annotator "ChessBase"]
[PlyCount "78"]
[EventDate "2019.07.08"]
[EventType "tourn"]
[EventCountry "NED"]
[SourceTitle "playchess.com"]
[Source "ChessBase"]
[SourceQuality "1"]
[TimeControl "40/5400+30:1800+30"]

1. d4 d5 2. c4 c6 3. Nf3 dxc4 4. e3 b5 5. a4 e6 6. axb5 cxb5 7. b3 a5 8. bxc4 Bb4+ 9. Bd2 Bxd2+ 10. Nbxd2 b4 11. c5 Nf6 12. Bb5+ Bd7 13. Qa4 Nd5 14. Ne5 O-O 15. Nxd7 Nc3 16. Qb3 Nxd7 17. Bc6 Ra6 18. Bb7 Ra7 19. Bf3 e5 20. c6 Nb6 21. dxe5 Qe7 22. O-O a4 23. Qb2 Rd8 24. Ne4 Nc4 25. Qc2 Nxe4 26. Bxe4 Nd2 27. Rfd1 b3 28. Bxh7+ Kh8 29. Qc3 Kxh7 30. Rxd2 Rxd2 31. Qxd2 Qxe5 32. Rb1 a3 33. Qd3+ g6 34. c7 a2 35. c8=Q axb1=Q+ 36. Qxb1 Ra1 37. Qcc1 b2 38. Qd1 Rxb1 39. Qxb1 Qc3 0-1

[Event "13th Leiden Crown Group 2019"]
[Site "Leiden"]
[Date "2019.07.12"]
[Round "1.5"]
[White "Sengupta, Deep"]
[Black "Stefansson, Hannes"]
[Result "1/2-1/2"]
[ECO "C78"]
[WhiteElo "2558"]
[BlackElo "2562"]
[Annotator "ChessBase"]
[PlyCount "74"]
[EventDate "2019.07.08"]
[EventType "tourn"]
[EventCountry "NED"]
[SourceTitle "playchess.com"]
[Source "ChessBase"]
[SourceQuality "1"]
[TimeControl "40/5400+30:1800+30"]

1. e4 e5 2. Nf3 Nc6 3. Bb5 a6 4. Ba4 Nf6 5. O-O b5 6. Bb3 Bc5 7. a4 Rb8 8. c3 d6 9. d4 Bb6 10. axb5 axb5 11. Qd3 O-O 12. Bg5 h6 13. Bxf6 Qxf6 14. Qxb5 Ne7 15. Qd3 Ng6 16. g3 Bh3 17. Re1 Rfe8 18. Nbd2 exd4 19. cxd4 c5 20. Nc4 cxd4 21. Nxb6 Rxb6 22. Ra7 Be6 23. Bxe6 Rxe6 24. Nxd4 Rxb2 25. Rf1 Re7 26. Ra8+ Kh7 27. Nf5 Re6 28. Kg2 Ne7 29. Nd4 Re5 30. Nf3 Rc5 31. Rb1 Rcc2 32. e5+ Qf5 33. Qxf5+ Nxf5 34. Rxb2 Rxb2 35. g4 Ne3+ 36. Kg3 Nf1+ 37. Kg2 Ne3+ 1/2-1/2

[Event "13th Leiden Crown Group 2019"]
[Site "Leiden"]
[Date "2019.07.13"]
[Round "2.2"]
[White "Das, Arghyadip"]
[Black "Sengupta, Deep"]
[Result "1/2-1/2"]
[ECO "C07"]
[WhiteElo "2439"]
[BlackElo "2558"]
[Annotator "ChessBase"]
[PlyCount "41"]
[EventDate "2019.07.08"]
[EventType "tourn"]
[EventCountry "NED"]
[SourceTitle "playchess.com"]
[Source "ChessBase"]
[SourceQuality "1"]
[TimeControl "40/5400+30:1800+30"]

1. e4 e6 2. d4 d5 3. Nd2 c5 4. Ngf3 cxd4 5. Nxd4 Nc6 6. Bb5 Bd7 7. Nxc6 bxc6 8. Bd3 Qc7 9. c4 Nf6 10. Qe2 Bd6 11. h3 O-O 12. O-O Rab8 13. b3 Be5 14. Rb1 dxe4 15. Nxe4 Nxe4 16. Bxe4 c5 17. Bb2 Bxb2 18. Rxb2 Bc6 19. Rd1 Bxe4 20. Qxe4 Rfd8 21. Rbd2 1/2-1/2

[Event "13th Leiden Crown Group 2019"]
[Site "Leiden"]
[Date "2019.07.13"]
[Round "2.3"]
[White "Van der Wiel, John T.H."]
[Black "Schekachikhin, Maksim"]
[Result "1/2-1/2"]
[ECO "B18"]
[WhiteElo "2380"]
[BlackElo "2415"]
[Annotator "NA"]
[PlyCount "69"]
[EventDate "2019.07.08"]
[EventType "tourn"]
[EventCountry "NED"]
[SourceTitle "playchess.com"]
[Source "ChessBase"]
[SourceQuality "1"]
[TimeControl "40/5400+30:1800+30"]

1. e4 c6 2. d4 d5 3. Nd2 dxe4 4. Nxe4 Bf5 5. Ng3 Bg6 6. Nh3 Nf6 7. Nf4 Nbd7 8. h4 e5 9. dxe5 Qa5+ 10. c3 Qxe5+ 11. Qe2 Bc5 12. Nxg6 hxg6 13. Bf4 Qxe2+ 14. Bxe2 O-O-O 15. Bg5 Rde8 16. O-O Nd5 17. Rad1 f6 18. Bc1 Rxh4 19. Bf3 Nc7 20. Rfe1 Rxe1+ 21. Rxe1 Ne5 22. Be4 Nd5 23. Bc2 Nf4 24. Re4 g5 25. Nf5 Rg4 26. Bxf4 gxf4 27. Kf1 g6 28. f3 Nxf3 29. gxf3 Rg1+ 30. Ke2 Rg2+ 31. Kd3 gxf5 32. Rxf4 Rg5 33. Kc4 Be3 34. Rxf5 Rg2 35. Kb3 1/2-1/2

[Event "13th Leiden Crown Group 2019"]
[Site "Leiden"]
[Date "2019.07.13"]
[Round "2.4"]
[White "Lalith Babu M R"]
[Black "Pruijssers, Roeland"]
[Result "1-0"]
[ECO "D85"]
[WhiteElo "2580"]
[BlackElo "2534"]
[Annotator "ChessBase"]
[PlyCount "95"]
[EventDate "2019.07.08"]
[EventType "tourn"]
[EventCountry "NED"]
[SourceTitle "playchess.com"]
[Source "ChessBase"]
[SourceQuality "1"]
[TimeControl "40/5400+30:1800+30"]

1. d4 Nf6 2. c4 g6 3. Nc3 d5 4. cxd5 Nxd5 5. e4 Nxc3 6. bxc3 Bg7 7. Bb5+ c6 8. Ba4 O-O 9. Ne2 c5 10. O-O b6 11. Be3 Ba6 12. Rb1 Qc8 13. Re1 Nc6 14. Nf4 e6 15. d5 Ne5 16. dxe6 fxe6 17. Qd6 Bc4 18. Bb3 Kf7 19. Nh3 Kg8 20. Ng5 Re8 21. Bf4 Bxb3 22. axb3 Nc6 23. Qd3 h6 24. Nf3 Rd8 25. Qe3 g5 26. Bg3 Qa6 27. c4 Nb4 28. Red1 Qa2 29. Ne5 Bxe5 30. Bxe5 Rd3 31. Qe1 Rad8 32. h4 gxh4 33. Bf6 R8d7 34. e5 R7d4 35. Ra1 Qxb3 36. Rxd3 Qxd3 37. Qc1 Qd2 38. Qa3 a5 39. Qf3 Qd3 40. Qh5 Rd7 41. Qe8+ Kh7 42. Be7 Kg7 43. Qf8+ Kg6 44. Qf6+ Kh5 45. Qxh4+ Kg6 46. Qf6+ Kh5 47. Qxe6 Rd4 48. Ra3 1-0

[Event "13th Leiden Crown Group 2019"]
[Site "Leiden"]
[Date "2019.07.13"]
[Round "2.5"]
[White "Pijpers, Arthur"]
[Black "Nikolic, Predrag"]
[Result "0-1"]
[ECO "C50"]
[WhiteElo "2474"]
[BlackElo "2574"]
[Annotator "ChessBase"]
[PlyCount "78"]
[EventDate "2019.07.08"]
[EventType "tourn"]
[EventCountry "NED"]
[SourceTitle "playchess.com"]
[Source "ChessBase"]
[SourceQuality "1"]
[TimeControl "40/5400+30:1800+30"]

1. e4 e5 2. Nf3 Nc6 3. Bc4 Nf6 4. d4 exd4 5. O-O d6 6. Nxd4 Be7 7. Nc3 O-O 8. h3 Re8 9. Nxc6 bxc6 10. Qf3 Bf8 11. Bg5 Be6 12. Bb3 Be7 13. Ba4 Nd7 14. Bxe7 Rxe7 15. Qg3 Rb8 16. f4 Bc4 17. Rf2 Rb6 18. Bb3 Ba6 19. Rd1 Qe8 20. e5 Nc5 21. Rfd2 Nxb3 22. axb3 d5 23. Ne4 Qf8 24. Nc5 Bc8 25. Ra1 Re8 26. Qf2 Rb5 27. Nd3 a5 28. f5 d4 29. g4 Rd5 30. Ra4 Ba6 31. Rxd4 Bxd3 32. R4xd3 Rdxe5 33. Rd7 h6 34. Qd4 h5 35. Rxc7 hxg4 36. hxg4 Rd5 37. Qf2 Qb4 38. Rxd5 Qxg4+ 39. Kh2 cxd5 0-1

[Event "13th Leiden Crown Group 2019"]
[Site "Leiden"]
[Date "2019.07.14"]
[Round "3.6"]
[White "Van Vliet, Jeffrey"]
[Black "Chanda, Sandipan"]
[Result "0-1"]
[ECO "B50"]
[WhiteElo "2380"]
[BlackElo "2516"]
[Annotator "ChessBase"]
[PlyCount "96"]
[EventDate "2019.07.08"]
[EventType "tourn"]
[EventCountry "NED"]
[SourceTitle "playchess.com"]
[Source "ChessBase"]
[SourceQuality "1"]
[TimeControl "40/5400+30:1800+30"]

1. e4 c5 2. Nf3 d6 3. c3 Nf6 4. Be2 Bd7 5. d3 Bc6 6. O-O Nbd7 7. Nbd2 e6 8. Re1 Be7 9. Bf1 Ne5 10. d4 Nxf3+ 11. Qxf3 cxd4 12. cxd4 Qb6 13. Qd3 O-O 14. Nc4 Qd8 15. e5 dxe5 16. Nxe5 Rc8 17. Bd2 a6 18. a4 Qd5 19. Nxc6 Qxc6 20. g3 Nd5 21. Bg2 Bf6 22. Rec1 Qd7 23. a5 Rfd8 24. h4 h6 25. Kh2 Ne7 26. Rxc8 Rxc8 27. Bc3 Nd5 28. Re1 Qb5 29. Qxb5 axb5 30. Bxd5 exd5 31. Re3 h5 32. Kg2 Kh7 33. Kf3 Kg6 34. Rd3 Kf5 35. Bb4 Rc2 36. b3 Ra2 37. Ke3 Kg4 38. Rc3 g5 39. Rc5 gxh4 40. gxh4 Rb2 41. f3+ Kh3 42. Rxb5 Rxb3+ 43. Kf4 Be7 44. Rxb7 Bxb4 45. a6 Bd6+ 46. Kg5 Rxb7 47. axb7 Kg3 48. Kxh5 Bf4 0-1

[Event "13th Leiden Crown Group 2019"]
[Site "Leiden"]
[Date "2019.07.14"]
[Round "3.7"]
[White "De Jong, Migchiel"]
[Black "Beerdsen, Thomas"]
[Result "1/2-1/2"]
[ECO "E19"]
[WhiteElo "2345"]
[BlackElo "2497"]
[Annotator "ChessBase"]
[PlyCount "123"]
[EventDate "2019.07.08"]
[EventType "tourn"]
[EventCountry "NED"]
[SourceTitle "playchess.com"]
[Source "ChessBase"]
[SourceQuality "1"]
[TimeControl "40/5400+30:1800+30"]

1. Nf3 Nf6 2. c4 b6 3. g3 Bb7 4. Bg2 e6 5. d4 Be7 6. O-O O-O 7. Nc3 Ne4 8. Qc2 Nxc3 9. Qxc3 c5 10. Rd1 Bf6 11. Qd3 Nc6 12. d5 Nb4 13. Qb1 exd5 14. a3 Nc6 15. cxd5 Nd4 16. Nxd4 Bxd4 17. e3 Bf6 18. Bd2 d6 19. a4 a6 20. Bc3 b5 21. axb5 axb5 22. Rxa8 Bxa8 23. Qf5 Bxc3 24. bxc3 g6 25. Qf4 Qe7 26. Ra1 Rb8 27. Ra6 b4 28. cxb4 cxb4 29. Rxd6 Qe8 30. Rd7 Rc8 31. Rc7 b3 32. d6 Rxc7 33. dxc7 Bxg2 34. Kxg2 Qc6+ 35. Kh3 Qd7+ 36. g4 h5 37. f3 hxg4+ 38. fxg4 b2 39. Qb4 Qxc7 40. Qxb2 Qc4 41. Qb8+ Kg7 42. Qe5+ Kg8 43. Qf4 Qe6 44. Kg3 Qb6 45. h4 Qa5 46. Kh3 Qd5 47. Qf2 Qe4 48. Kg3 Qe5+ 49. Qf4 Qa5 50. Qf3 Qe5+ 51. Kh3 Qe6 52. Kg3 Qe5+ 53. Kg2 Kg7 54. h5 gxh5 55. gxh5 Qg5+ 56. Kf2 f5 57. Qg3 Kh6 58. Qxg5+ Kxg5 59. Kf3 Kxh5 60. Kf4 Kg6 61. e4 fxe4 62. Kxe4 1/2-1/2

[Event "13th Leiden Crown Group 2019"]
[Site "Leiden"]
[Date "2019.07.14"]
[Round "3.8"]
[White "Ivanov, Sergey"]
[Black "Kollen, Zyon"]
[Result "1-0"]
[ECO "D45"]
[WhiteElo "2496"]
[BlackElo "2362"]
[Annotator "ChessBase"]
[PlyCount "57"]
[EventDate "2019.07.08"]
[EventType "tourn"]
[EventCountry "NED"]
[SourceTitle "playchess.com"]
[Source "ChessBase"]
[SourceQuality "1"]
[TimeControl "40/5400+30:1800+30"]

1. d4 e6 2. c4 d5 3. Nc3 c6 4. e3 Nf6 5. Nf3 Nbd7 6. Qc2 Bd6 7. b3 b6 8. Be2 Bb7 9. O-O O-O 10. Bb2 Re8 11. Rad1 Qc7 12. h3 a6 13. e4 e5 14. dxe5 Nxe5 15. Nd4 dxe4 16. Nf5 Bf8 17. Nxe4 Nxe4 18. Qxe4 Ng6 19. Qc2 c5 20. Ne3 Nf4 21. Bg4 h5 22. Rd7 Qc6 23. Qf5 Rxe3 24. Qxf7+ Kh7 25. Bf5+ Kh6 26. Bxg7+ Kg5 27. h4+ Kxh4 28. Qf6+ Qxf6 29. Bxf6# 1-0

[Event "13th Leiden Crown Group 2019"]
[Site "Leiden"]
[Date "2019.07.14"]
[Round "3.9"]
[White "De Niet, Gert-Michiel"]
[Black "Lai, Hing Ting"]
[Result "0-1"]
[ECO "D38"]
[WhiteElo "2208"]
[BlackElo "2460"]
[Annotator "ChessBase"]
[PlyCount "76"]
[EventDate "2019.07.08"]
[EventType "tourn"]
[EventCountry "NED"]
[SourceTitle "playchess.com"]
[Source "ChessBase"]
[SourceQuality "1"]
[TimeControl "40/5400+30:1800+30"]

1. d4 Nf6 2. c4 e6 3. Nf3 d5 4. Nc3 Bb4 5. Bg5 h6 6. Bxf6 Qxf6 7. e3 c5 8. Rc1 dxc4 9. Bxc4 O-O 10. O-O cxd4 11. Nxd4 Qe7 12. Qb3 Bd6 13. Rfd1 a6 14. a4 Nd7 15. Qc2 Nf6 16. Ne4 Be5 17. b3 Nxe4 18. Qxe4 Bf6 19. Nf3 e5 20. Nd2 Rb8 21. Qb1 Rd8 22. Ne4 Bg4 23. f3 Bf5 24. Nxf6+ Qxf6 25. e4 Be6 26. Bxe6 Qxe6 27. Rxd8+ Rxd8 28. Rd1 Qb6+ 29. Kf1 Rc8 30. Rc1 Rxc1+ 31. Qxc1 Qxb3 32. Qc8+ Kh7 33. a5 b6 34. axb6 Qb1+ 35. Ke2 Qxb6 36. Qf5+ Qg6 37. Qxe5 Qxg2+ 38. Ke3 Qg5+ 0-1

[Event "13th Leiden Crown Group 2019"]
[Site "Leiden"]
[Date "2019.07.14"]
[Round "3.10"]
[White "Both, Gert"]
[Black "Bueno, Mark"]
[Result "1/2-1/2"]
[ECO "E34"]
[WhiteElo "1859"]
[BlackElo "1976"]
[Annotator "NA"]
[PlyCount "66"]
[EventDate "2019.07.08"]
[EventType "tourn"]
[EventCountry "NED"]
[SourceTitle "playchess.com"]
[Source "ChessBase"]
[SourceQuality "1"]
[TimeControl "40/5400+30:1800+30"]

1. d4 Nf6 2. c4 e6 3. Nc3 Bb4 4. Qc2 d5 5. e3 O-O 6. Bd3 b6 7. Nge2 Bb7 8. O-O Nbd7 9. cxd5 exd5 10. a3 Bxc3 11. Nxc3 c5 12. b3 Qe7 13. a4 Rac8 14. Ba3 Rfe8 15. Qd2 Qe6 16. Rac1 cxd4 17. exd4 Ne4 18. Nxe4 dxe4 19. Bc4 Bd5 20. Rfe1 Nf6 21. Rc3 Bxc4 22. bxc4 Rxc4 23. d5 Qc8 24. Rxc4 Qxc4 25. d6 Qxa4 26. Bb2 Qd7 27. Rc1 Rd8 28. Rc7 Qe6 29. Rxa7 h6 30. Bxf6 Qxf6 31. d7 Qc6 32. h3 b5 33. Qd4 b4 1/2-1/2

[Event "13th Leiden Crown Group 2019"]
[Site "Leiden"]
[Date "2019.07.15"]
[Round "4.1"]
[White "Kuipers, Stefan"]
[Black "Das, Arghyadip"]
[Result "1/2-1/2"]
[ECO "C13"]
[WhiteElo "2435"]
[BlackElo "2439"]
[Annotator "ChessBase"]
[PlyCount "29"]
[EventDate "2019.07.08"]
[EventType "tourn"]
[EventCountry "NED"]
[SourceTitle "playchess.com"]
[Source "ChessBase"]
[SourceQuality "1"]
[TimeControl "40/5400+30:1800+30"]

1. e4 e6 2. d4 d5 3. Nc3 Nf6 4. Bg5 dxe4 5. Nxe4 Be7 6. Nxf6+ Bxf6 7. Bxf6 Qxf6 8. Nf3 c5 9. Qd3 Nc6 10. O-O-O cxd4 11. Qe4 Bd7 12. Nxd4 Nxd4 13. Rxd4 Bc6 14. Qe3 O-O 15. f3 1/2-1/2

[Event "13th Leiden Crown Group 2019"]
[Site "Leiden"]
[Date "2019.07.15"]
[Round "4.2"]
[White "Van der Wiel, John T.H."]
[Black "Stefansson, Hannes"]
[Result "1/2-1/2"]
[ECO "C68"]
[WhiteElo "2380"]
[BlackElo "2562"]
[Annotator "ChessBase"]
[PlyCount "33"]
[EventDate "2019.07.08"]
[EventType "tourn"]
[EventCountry "NED"]
[SourceTitle "playchess.com"]
[Source "ChessBase"]
[SourceQuality "1"]
[TimeControl "40/5400+30:1800+30"]

1. e4 e5 2. Nf3 Nc6 3. Bb5 a6 4. Bxc6 dxc6 5. O-O Qd6 6. d3 Ne7 7. Nbd2 Ng6 8. Nc4 Qe6 9. b3 c5 10. Ne3 f6 11. a3 Qf7 12. Bd2 Be6 13. b4 b6 14. Kh1 Bd6 15. bxc5 bxc5 16. Bc3 O-O 17. Nd2 1/2-1/2

[Event "13th Leiden Crown Group 2019"]
[Site "Leiden"]
[Date "2019.07.17"]
[Round "5.1"]
[White "Pruijssers, Roeland"]
[Black "Kuipers, Stefan"]
[Result "1-0"]
[ECO "B12"]
[WhiteElo "2534"]
[BlackElo "2435"]
[Annotator "ChessBase"]
[PlyCount "93"]
[EventDate "2019.07.08"]
[EventType "tourn"]
[EventCountry "NED"]
[SourceTitle "playchess.com"]
[Source "ChessBase"]
[SourceQuality "1"]
[TimeControl "40/5400+30:1800+30"]

1. e4 c6 2. d4 d5 3. e5 Bf5 4. Nf3 e6 5. Be2 Ne7 6. O-O Nd7 7. c3 h6 8. Nbd2 g5 9. Ne1 Qc7 10. Nb3 O-O-O 11. Bd3 Bg7 12. Bxf5 Nxf5 13. Nd3 c5 14. Nbxc5 Nxc5 15. dxc5 Bxe5 16. Qh5 Bg7 17. b4 Bxc3 18. Rb1 Kb8 19. b5 b6 20. Ba3 g4 21. Rfc1 d4 22. cxb6 axb6 23. Nb4 Ka8 24. Qxg4 Ne7 25. Qe4+ Ka7 26. Na6 Qd7 27. Bxe7 Qxe7 28. Nb4 Bxb4 29. Rxb4 Rd5 30. Rbc4 Kb7 31. Qc2 Rc5 32. Qe4+ Rd5 33. Qf4 e5 34. Qe4 Rhd8 35. Rxd4 Qd6 36. Rxd5 Qxd5 37. Qa4 Kb8 38. h3 Rg8 39. g3 Qd3 40. Qc4 Qxc4 41. Rxc4 Rg6 42. Kg2 Kb7 43. f4 Re6 44. Kf3 f5 45. fxe5 Rxe5 46. a4 Rd5 47. Rh4 1-0

[Event "13th Leiden Crown Group 2019"]
[Site "Leiden"]
[Date "2019.07.17"]
[Round "5.2"]
[White "Schekachikhin, Maksim"]
[Black "Nikolic, Predrag"]
[Result "0-1"]
[ECO "A80"]
[WhiteElo "2415"]
[BlackElo "2574"]
[Annotator "ChessBase"]
[PlyCount "88"]
[EventDate "2019.07.08"]
[EventType "tourn"]
[EventCountry "NED"]
[SourceTitle "playchess.com"]
[Source "ChessBase"]
[SourceQuality "1"]
[TimeControl "40/5400+30:1800+30"]

1. d4 f5 2. Bf4 Nf6 3. e3 g6 4. Nf3 Bg7 5. Bc4 d6 6. h3 e6 7. g4 Qe7 8. gxf5 exf5 9. Nc3 Nbd7 10. Qe2 Nb6 11. Bb3 Be6 12. Bxe6 Qxe6 13. Ng5 Qd7 14. O-O-O h6 15. Nf3 g5 16. Bh2 O-O-O 17. h4 g4 18. Ne1 h5 19. Nd3 Ne4 20. Nxe4 fxe4 21. Nf4 d5 22. Kb1 Rh6 23. b3 Bf8 24. c3 Ba3 25. Rd2 a5 26. Rc2 a4 27. b4 Nc4 28. Ka1 b6 29. Rb1 Kb7 30. Qd1 Rf8 31. Bg3 Qb5 32. Qe2 Rf5 33. Bh2 Nd6 34. c4 Nxc4 35. Nxd5 Qxd5 36. Rxc4 Rc6 37. Rxc6 Qxc6 38. Qd2 Rb5 39. Be5 Qc4 40. d5 Rxd5 41. Bd4 Qd3 42. Qxd3 exd3 43. b5 Rf5 44. e4 Rf4 0-1

[Event "13th Leiden Crown Group 2019"]
[Site "Leiden"]
[Date "2019.07.17"]
[Round "5.3"]
[White "Sengupta, Deep"]
[Black "Pijpers, Arthur"]
[Result "1-0"]
[ECO "B60"]
[WhiteElo "2558"]
[BlackElo "2474"]
[Annotator "ChessBase"]
[PlyCount "73"]
[EventDate "2019.07.08"]
[EventType "tourn"]
[EventCountry "NED"]
[SourceTitle "playchess.com"]
[Source "ChessBase"]
[SourceQuality "1"]
[TimeControl "40/5400+30:1800+30"]

1. e4 c5 2. Nf3 d6 3. d4 cxd4 4. Nxd4 Nf6 5. Nc3 Nc6 6. Bg5 e6 7. Qd2 Qb6 8. Nb3 Be7 9. Be2 O-O 10. Be3 Qc7 11. g4 d5 12. exd5 Nxd5 13. Nxd5 exd5 14. O-O-O Rd8 15. Nd4 a6 16. h3 Bd7 17. Rhe1 Ne5 18. Bf4 Bd6 19. Bg3 Rac8 20. Kb1 b5 21. Bf1 Re8 22. Re3 Nc4 23. Bxc4 Rxe3 24. fxe3 dxc4 25. Nf5 Bxg3 26. Ne7+ Kf8 27. Nxc8 Ke8 28. Nd6+ Ke7 29. Ne4 Be5 30. Qb4+ Ke8 31. Nd6+ Bxd6 32. Qxd6 Qxd6 33. Rxd6 Bc8 34. a4 Ke7 35. Rc6 Kd7 36. axb5 axb5 37. Rb6 1-0

[Event "13th Leiden Crown Group 2019"]
[Site "Leiden"]
[Date "2019.07.17"]
[Round "5.4"]
[White "Stefansson, Hannes"]
[Black "Lalith Babu M R"]
[Result "1/2-1/2"]
[ECO "C92"]
[WhiteElo "2562"]
[BlackElo "2580"]
[Annotator "ChessBase"]
[PlyCount "102"]
[EventDate "2019.07.08"]
[EventType "tourn"]
[EventCountry "NED"]
[SourceTitle "playchess.com"]
[Source "ChessBase"]
[SourceQuality "1"]
[TimeControl "40/5400+30:1800+30"]

1. e4 e5 2. Nf3 Nc6 3. Bb5 a6 4. Ba4 Nf6 5. O-O Be7 6. Re1 b5 7. Bb3 d6 8. c3 O-O 9. h3 Bb7 10. d4 Nd7 11. Nbd2 Bf6 12. Nf1 Na5 13. Bc2 c5 14. dxc5 dxc5 15. Ne3 g6 16. Qe2 Bg7 17. Rd1 Qc7 18. a4 b4 19. cxb4 cxb4 20. Bd2 Nc6 21. Nd5 Qb8 22. Nxb4 Nd4 23. Nxd4 exd4 24. Nd3 Re8 25. f3 a5 26. Bf4 Qd8 27. Qd2 Ba6 28. Rab1 Rc8 29. b4 axb4 30. Nxb4 Bc4 31. Nd3 Ba6 32. Nb4 Bc4 33. Bg3 Nc5 34. Bf2 Ne6 35. Nd3 Qd6 36. a5 Ra8 37. Nb2 Ba6 38. Nd3 Bc4 39. Ra1 Rec8 40. Qe1 Bxd3 41. Bxd3 Nf4 42. Qf1 Be5 43. a6 Nxd3 44. Qxd3 Rc6 45. a7 Rc7 46. f4 Bxf4 47. Bxd4 Qe7 48. Qa6 Qxe4 49. Qf6 Be3+ 50. Kh1 Bxd4 51. Rxd4 Qe7 1/2-1/2

[Event "13th Leiden Crown Group 2019"]
[Site "Leiden"]
[Date "2019.07.17"]
[Round "5.5"]
[White "Das, Arghyadip"]
[Black "Van der Wiel, John T.H."]
[Result "1-0"]
[ECO "B31"]
[WhiteElo "2439"]
[BlackElo "2380"]
[Annotator "NA"]
[PlyCount "81"]
[EventDate "2019.07.08"]
[EventType "tourn"]
[EventCountry "NED"]
[SourceTitle "playchess.com"]
[Source "ChessBase"]
[SourceQuality "1"]
[TimeControl "40/5400+30:1800+30"]

1. e4 c5 2. Nf3 Nc6 3. Bb5 g6 4. Bxc6 bxc6 5. d4 cxd4 6. Qxd4 f6 7. O-O Bg7 8. c4 Nh6 9. Bxh6 Bxh6 10. c5 O-O 11. Rd1 Qc7 12. Na3 Kh8 13. Rd3 Rb8 14. Nc4 Ba6 15. b3 Rbd8 16. Rad1 Bg7 17. Qc3 Qf4 18. Nfd2 Qg4 19. Re1 Qe6 20. Qa5 Bc8 21. Nf3 d6 22. cxd6 exd6 23. Qxa7 d5 24. exd5 Qf5 25. Red1 Rxd5 26. Rxd5 cxd5 27. Ne3 Qe4 28. Rxd5 f5 29. Rd1 f4 30. Nf1 Bg4 31. Re1 Qf5 32. Qb7 Qa5 33. Re7 Bxf3 34. Qxf3 Qxa2 35. h3 Rb8 36. Rb7 Rf8 37. Qd3 Qb2 38. Nd2 Qc1+ 39. Kh2 f3 40. gxf3 Bc3 41. Qd7 1-0

[Event "13th Leiden Crown Group 2019"]
[Site "Leiden"]
[Date "2019.07.19"]
[Round "7.1"]
[White "Schekachikhin, Maksim"]
[Black "Kuipers, Stefan"]
[Result "1/2-1/2"]
[ECO "A77"]
[WhiteElo "2415"]
[BlackElo "2435"]
[Annotator "ChessBase"]
[PlyCount "78"]
[EventDate "2019.07.08"]
[EventType "tourn"]
[EventCountry "NED"]
[SourceTitle "playchess.com"]
[Source "ChessBase"]
[SourceQuality "1"]
[TimeControl "40/5400+30:1800+30"]

1. d4 Nf6 2. c4 c5 3. d5 e6 4. Nc3 exd5 5. cxd5 d6 6. Nf3 g6 7. Nd2 Bg7 8. e4 O-O 9. Be2 Re8 10. O-O Nbd7 11. a4 Ne5 12. Ra3 a6 13. Qc2 Bg4 14. Bxg4 Nfxg4 15. h3 Nh6 16. a5 f5 17. Ne2 Qh4 18. exf5 Nxf5 19. Ra4 Nd4 20. Nxd4 cxd4 21. Qb3 Rf8 22. Nc4 Rac8 23. Bd2 Nf3+ 24. gxf3 Qxh3 25. Ra3 Rf5 26. f4 d3 27. Qxd3 Qxd3 28. Rxd3 Rxc4 29. Rc1 Rxc1+ 30. Bxc1 Rf7 31. b3 Kf8 32. Ba3 Ke7 33. Re3+ Kd7 34. Re4 Bc3 35. Bb4 Bb2 36. Re6 Rf6 37. Rxf6 Bxf6 38. Kg2 Bd4 39. Kg3 Ke7 1/2-1/2

[Event "13th Leiden Crown Group 2019"]
[Site "Leiden"]
[Date "2019.07.19"]
[Round "7.3"]
[White "Stefansson, Hannes"]
[Black "Nikolic, Predrag"]
[Result "1/2-1/2"]
[ECO "C01"]
[WhiteElo "2562"]
[BlackElo "2574"]
[Annotator "ChessBase"]
[PlyCount "30"]
[EventDate "2019.07.08"]
[EventType "tourn"]
[EventCountry "NED"]
[SourceTitle "playchess.com"]
[Source "ChessBase"]
[SourceQuality "1"]
[TimeControl "40/5400+30:1800+30"]

1. e4 e6 2. d4 d5 3. exd5 exd5 4. Nf3 Nf6 5. Bd3 Bg4 6. O-O Be7 7. Bg5 O-O 8. Nbd2 Nbd7 9. c3 c5 10. dxc5 Nxc5 11. Be2 Ncd7 12. Bd3 Nc5 13. Be2 Qb6 14. Nb3 Nce4 15. Be3 Qc7 1/2-1/2